 Dungeon Crawl Stone Soup version 0.24-a0-446-g87df7205b4 (webtiles) character file.

Game seed: 2625712324921807414

623 JellyEater the Digger (level 7, 0/36 HPs)
             Began as a Gargoyle Earth Elementalist on June 24, 2019.
             Slain by an ogre
             ... wielding a +0 giant club
              (20 damage)
             ... on level 3 of the Dungeon.
             The game lasted 00:06:04 (2380 turns).

JellyEater the Digger (Gargoyle Earth Elementalist) Turns: 2380, Time: 00:06:04

Health: 0/36       AC:  6    Str: 11    XL:     7   Next: 46%
Magic:  11/15      EV: 11    Int: 18    God:
Gold:   202        SH:  0    Dex: 10    Spells: 6/15 levels left

rFire    + . .     SeeInvis .   e - +2 whip (holy)
rCold    . . .     Gourm    .   (no shield)
rNeg     + . .     Faith    .   c - +0 robe
rPois    ∞         Spirit   .   (no helmet)
rElec    +         Reflect  .   (no cloak)
rCorr    .         Harm     .   (no gloves)
MR       .....                  (no boots)
Stlth    +.........             (no amulet)
HPRegen  0.12/turn              m - ring of flight
MPRegen  0.14/turn              g - ring of protection from fire

@: heavily drained
A: hooves 1, high mp 1, negative energy resistance 1, electricity resistance,
unbreathing, petrification resistance, rot immunity, AC +4
a: Evoke Flight


You were on level 3 of the Dungeon.
You were not hungry.

You visited 1 branch of the dungeon, and saw 3 of its levels.

You collected 202 gold pieces.

Inventory:

Hand Weapons
 e - a +2 whip of holy wrath (weapon)
Missiles
 b - 95 stones (quivered)
Armour
 c - a +0 robe (worn)
Jewellery
 g - a ring of protection from fire (right hand)
 m - a ring of flight (left hand)
Scrolls
 a - 2 scrolls of enchant weapon
 l - a scroll of remove curse
 n - a scroll of teleportation
Potions
 f - a potion of mutation
 h - a potion of invisibility
 i - a potion of heal wounds
 k - a potion of cancellation
Comestibles
 d - 3 rations
 j - 3 chunks of flesh


   Skills:
 - Level 1.5(0.3) Dodging
 - Level 2.1(0.9) Stealth
 + Level 4.6(3.2) Spellcasting
 + Level 4.3(3.0) Conjurations
   Level 0.7(0.0) Transmutations
 + Level 6.7(5.2) Earth Magic


You had 6 spell levels left.
You knew the following spells:

 Your Spells              Type           Power        Failure   Level  Hunger
a - Sandblast             Erth           ###...       1%          1    None
b - Stone Arrow           Conj/Erth      ###...       9%          3    ###....
c - Lee's Rapid Deconstr  Erth           ###.......   45%         5    ######.

Your spell library contained the following spells:

 Spells                   Type           Power        Failure   Level  Hunger
 Passwall                 Tmut/Erth      ##......     9%          2    ##.....
 Petrify                  Tmut/Erth      ##......     47%         4    ####...


Dungeon Overview and Level Annotations

Branches:
Dungeon (3/15)

Altars:


Innate Abilities, Weirdness & Mutations

You are resistant to torment.
Your stone body is resilient. (AC +4)
You are immune to poison.
You resist negative energy. (rN+)
You are resistant to electric shocks. (rElec)
You can survive without breathing.
You are immune to petrification.
You are immune to rotting.
You have large cloven feet.
You have an increased reservoir of magic. (+10% MP)


Message History

Aim: a crimson imp (heavily wounded)
The blast of sand hits the crimson imp!
You kill the crimson imp!
b - 96 stones The ogre barely misses you.
The orc barely misses you.
Casting: Sandblast (safe; 1% risk of failure)
Confirm with . or Enter, or press ? or * to list all spells.
Aiming: Sandblast (safe; 1% risk of failure)
Press: ? - help, Shift-Dir - straight line, f - ogre
Aim: an ogre, wielding a +0 giant club The blast of sand hits the ogre!
The ogre is heavily wounded.
b - 95 stones A goblin comes into view.
The ogre hits you with a +0 giant club!
* * * LOW HITPOINT WARNING * * *
You feel much better.
The ogre hits you with a +0 giant club!!
Ouch! That really hurt!
You die...

#.....#'#...# #.
####.##......#.#+ #.
#....###.##.##..## #.
#...÷#.#..###....####.
#....#.'#....###......
#....#"#..###....####.
#....###.##.##..## #.
####....##l.†(..#.# #.
#.......@Oo.#(#...# #.
#....##.#####.##..# #.
#.... #.# ...##.# #.
#.... #.# .... # #.
#... #.#
######.######. ... ...
......... .## #####..#
. #... ####


You could see an ogre, an orc and a leopard gecko.

Vanquished Creatures
  Grinder (D:3)
  Sigmund (D:3)
  A howler monkey (D:3)
  A crimson imp (D:3)
  Natasha (thrice) (D:2)
  5 adders (D:2)
  An ooze (D:1)
  2 worms
  2 dart slugs
  3 leopard geckos
  12 bats
  9 goblins
  5 hobgoblins
  2 jackals (D:2)
  12 kobolds
  2 frilled lizards
  11 rats
73 creatures vanquished.

Notes
Turn   | Place    | Note
-------+----------+-------------------------------------------
     0 | D:1      | JellyEater the Gargoyle Earth Elementalist began the quest
                  | for the Orb.
     0 | D:1      | Reached XP level 1. HP: 10/10 MP: 3/3
   454 | D:1      | Reached skill level 4 in Earth Magic
   454 | D:1      | Reached XP level 2. HP: 15/15 MP: 5/5
   704 | D:1      | Reached XP level 3. HP: 18/19 MP: 6/6
   710 | D:1      | Learned a level 3 spell: Stone Arrow
   895 | D:2      | Noticed Natasha
   915 | D:2      | Killed Natasha
   915 | D:2      | Reached skill level 1 in Conjurations
   915 | D:2      | Reached XP level 4. HP: 20/24 MP: 1/8
  1218 | D:2      | Reached skill level 5 in Earth Magic
  1554 | D:2      | Noticed Natasha
  1556 | D:2      | Reached XP level 5. HP: 28/28 MP: 9/9
  1561 | D:2      | Killed Natasha
  1581 | D:2      | Noticed Natasha
  1583 | D:2      | Killed Natasha
  1678 | D:2      | Learned a level 5 spell: Lee's Rapid Deconstruction
  1797 | D:3      | Gained mutation: You have an increased reservoir of magic.
                  | (+10% MP) [potion of mutation]
  1797 | D:3      | Gained mutation: You have large cloven feet. [potion of
                  | mutation]
  1883 | D:3      | Noticed Grinder
  1890 | D:3      | Killed Grinder
  1890 | D:3      | Reached skill level 6 in Earth Magic
  1890 | D:3      | Reached XP level 6. HP: 24/32 MP: 3/13
  2011 | D:3      | Noticed Sigmund
  2015 | D:3      | Killed Sigmund
  2015 | D:3      | Reached XP level 7. HP: 27/36 MP: 4/15
  2380 | D:3      | Slain by an ogre

Levels and vault maps discovered:
D:1:      eino_arrival_druids_welcome, layout_rooms
D:2:      layout_basic, uniq_natasha
D:3:      layout_basic, minmay_pentangle, uniq_grinder, uniq_sigmund,
          uniq_jessica

Skill      XL: |  1  2  3  4  5  6 |
---------------+-------------------+-----
Earth Magic    | 4 5 6 |  6.7
Spellcasting   | 3 4 |  4.6
Conjurations   | 1 2 3 4 |  4.3
Dodging        | |  1.5
Stealth        | |  2.1
Transmutations | |  0.7

Action                   |  1- 3 |  4- 6 |  7- 9 || total
-------------------------+-------+-------+-------++-------
Melee: Whip              |    70 |    89 |    35 ||   194
       Unarmed           |     1 |       |       ||     1
       Kick              |       |     1 |     5 ||     6
 Cast: Sandblast         |    13 |    12 |     4 ||    29
       Stone Arrow       |       |     8 |     3 ||    11
  Use: Scroll            |     2 |     5 |     2 ||     9
       Potion            |       |     1 |     1 ||     2
 Stab: Sleeping          |     2 |     3 |     1 ||     6
  Eat: Chunk             |       |     4 |     2 ||     6
Armor: Robe              |    24 |    41 |    19 ||    84
Dodge: Dodged            |    60 |    70 |    36 ||   166

Table legend:
 A = Non-vault XP
 B = Vault XP
 C = Vault XP percentage of total XP
 D = Non-vault monster count
 E = Vault monster count
 F = Vault count percentage of total count
                 A         B        C        D         E       F
            +---------+---------+-------+---------+---------+-------
      Total |     237 |     653 |  73.4 |      62 |      11 |  15.1
            +---------+---------+-------+---------+---------+-------
        D:1 |      39 |       0 |   0.0 |      22 |       0 |   0.0
        D:2 |     183 |      35 |  16.1 |      33 |       1 |   2.9
        D:3 |      15 |     618 |  97.6 |       7 |      10 |  58.8
            +---------+---------+-------+---------+---------+-------
